 Dungeon Crawl Stone Soup version 0.18.1-6-gd335043 (webtiles) character file.

196 Guinours the Sneak (level 5, -2/35 HPs)
             Began as an Octopode Assassin on May 20, 2016.
             Was an Initiate of Fedhas.
             Slain by an ogre
             ... wielding a +0 giant club
              (21 damage)
             ... on level 4 of the Dungeon.
             The game lasted 00:13:14 (3673 turns).

Guinours the Sneak (Octopode Assassin)              Turns: 3673, Time: 00:13:14

Health: -2/35      AC:  1    Str: 11    XL:     5   Next: 74%
Magic:  0/5        EV: 13    Int: 13    God:    Fedhas [......]
Gold:   135        SH:  0    Dex: 14    Spells: 0 memorised, 4 levels left

rFire  . . .     SeeInvis .     a - +2 dagger
rCold  . . .     Gourm    .     (no shield)
rNeg   . . .     Faith    .     (helmet restricted)
rPois  .         Spirit   +     u - amulet of guardian spirit
rElec  .         Dismiss  .     (no ring)
rCorr  .         Reflect  .     (no ring)
SustAt .         Harm     .     (no ring)
MR     .....                    (no ring)
Stlth  +++++.....               (no ring)
                                (no ring)
                                (no ring)
                                (no ring)

@: not resistant to hostile enchantments, quite stealthy
A: almost no armour, amphibious, 8 rings, constrict 8, camouflage 1, gelatinous
body 1
a: Renounce Religion


You were on level 4 of the Dungeon.
You worshipped Fedhas.
Fedhas was noncommittal.
You were not hungry.

You visited 1 branch of the dungeon, and saw 4 of its levels.

You collected 135 gold pieces.

Inventory:

Hand Weapons
 a - a +2 dagger (weapon)
 b - a +0 blowgun
Missiles
 c - 22 poisoned needles
 d - 2 curare-tipped needles
Jewellery
 u - an amulet of guardian spirit (around mantle)
 y - an uncursed ring of fire
Scrolls
 e - 2 scrolls of blinking
 g - 4 scrolls of remove curse
 l - a scroll of magic mapping {unknown}
 r - 3 scrolls of amnesia
 s - a scroll of enchant weapon {unknown}
 v - a scroll of recharging {unknown}
Potions
 h - 3 potions of heal wounds {unknown}
 k - a potion of brilliance {unknown}
 m - a potion of ambrosia {unknown}
 n - a potion of cure mutation {unknown}
 o - 2 potions of agility {unknown}
 q - 3 potions of curing {unknown}
 w - 3 potions of flight {unknown}
 x - 2 potions of beneficial mutation {unknown}
 z - a potion of lignification {unknown}
Comestibles
 f - 2 bread rations
 i - 2 slices of pizza
 j - 15 fruits
 p - a meat ration
 t - a beef jerky


   Skills:
 + Level 2.6 Fighting
 * Level 2.8 Short Blades
 - Level 2.0 Throwing
 * Level 2.4 Dodging
 + Level 7.8 Stealth


You had 4 spell levels left.
You didn't know any spells.

Dungeon Overview and Level Annotations

Branches:
Dungeon (4/15)
 Temple: D:4-7

Altars:
Fedhas
Kikubaaqudgha


Innate Abilities, Weirdness & Mutations

You cannot wear most types of armour.
You are amphibious.
You can wear up to eight rings at the same time.
You can use your tentacles to constrict eight enemies at once.
Your skin changes colour to match your surroundings (Stealth).
Your rubbery body absorbs attacks (AC +1).


Message History

You destroy the jackal skeleton!
z - a bubbling yellow potion You now have 135 gold pieces (gained 6).
Found a stone staircase leading down.
Found 31 bolts.
r - 3 scrolls of amnesia (gained 1)
An ogre comes into view. It is wielding a giant club.
Found a scroll labeled GAORHO SUAMIPT.
The ogre shouts!
You barely miss the ogre. The ogre barely misses you.
You hit the ogre but do no damage. You closely miss the ogre.
The ogre closely misses you.
You hit the ogre.
The ogre is lightly wounded.
The ogre hits you with a giant club!!
A worker ant comes into view.
The ogre hits you with a giant club!!
Ouch! That really hurt!
You die...
Fedhas appreciates your contribution to the ecosystem.

##.## #..# ##.## #..# ##.##
#..## ##..# #####...###
####O@....#..#########
#####.....#.....#...##....
######....#####........#.......
#.....##### #..........##.....
......### ##................#
.a...## #.................#
....?# ##...............##
....## ##..............# ....
#.............##


You could see an ogre.

Vanquished Creatures
  An iguana (D:4)
  Natasha (D:2)
  A worker ant (D:4)
  4 adders
  An ooze (D:3)
  An adder skeleton (D:4)
  3 worms
  2 dart slugs (D:1)
  5 giant geckos
  2 orcs (D:3)
  7 goblins
  7 hobgoblins
  6 jackals (D:1)
  4 kobolds
  A quokka (D:3)
  8 bats
  3 giant newts
  A jackal skeleton (D:4)
  3 rats
61 creatures vanquished.

Vanquished Creatures (others)
  15 toadstools
15 creatures vanquished.

Grand Total: 76 creatures vanquished

Notes
Turn   | Place    | Note
--------------------------------------------------------------
     0 | D:1      | Guinours the Octopode Assassin began the quest for the Orb.
     0 | D:1      | Reached XP level 1. HP: 14/14 MP: 1/1
   137 | D:1      | Reached XP level 2. HP: 19/19 MP: 2/2
   399 | D:1      | Reached skill level 6 in Stealth
   704 | D:1      | Reached XP level 3. HP: 22/24 MP: 3/3
  1110 | D:2      | Found a blossoming altar of Fedhas.
  1143 | D:2      | Became a worshipper of Fedhas Madash
  1157 | D:2      | Noticed Natasha
  1163 | D:2      | Killed Natasha
  1163 | D:2      | Reached XP level 4. HP: 14/29 MP: 4/4
  1334 | D:2      | Found an ancient bone altar of Kikubaaqudgha.
  1796 | D:2      | Reached skill level 7 in Stealth
  2867 | D:4      | Reached XP level 5. HP: 10/35 MP: 1/5
  3650 | D:4      | Noticed an ogre
  3673 | D:4      | Slain by an ogre

Skill      XL: |  1  2  3  4 |
---------------+-------------+-----
Stealth        | 6 7 |  7.8
Dodging        | 2 |  2.4
Fighting       | |  2.6
Short Blades   | |  2.8
Throwing       | |  2.0

Action                   |  1- 3 |  4- 6 || total
-------------------------+-------+-------++-------
Melee: Dagger            |    47 |    77 ||   124
       Constrict         |    15 |    12 ||    27
       Tentacles         |     9 |    15 ||    24
  Use: Scroll            |     1 |     4 ||     5
 Stab: Sleeping          |     8 |    10 ||    18
  Eat: Chunk             |     1 |     3 ||     4
       Fruit             |       |     2 ||     2
       Bread ration      |       |     1 ||     1
Armor: Skin              |       |     7 ||     7
Dodge: Dodged            |    17 |    42 ||    59
